AoeStats
← MonoLink

Arabia

510446797Analyzed
1v1 RM · 2d ago on Oct 1, 2026· 31m 31s· 2 players
Game mode
Random Map
Map size
Tiny (2 player)
Population
200
Speed
Normal
Resources
Standard
Victory
Conquest
Starting age
Dark Age
Ending age
Imperial Age
RankedLock teamsTeams togetherTeam positionsShared explorationLock speedFull tech treeHidden civsTurbo modeCheats
Victory
Defeat
🇲🇽 Magyars · Mexico
1608
+15
🇵🇪 Inca · Peru
1578
-15
DITO_san
6:47 Loom
8:51 Feudal Age
9:50 Double-Bit Axe
11:38 Forging
12:19 Horse Collar
17:11 Scale Mail Armor
19:29 Fletching
24:41 Castle Age
23:57 Padded Archer Armor
23:33 Champi Runner
26:40 Wheelbarrow
30:26 Bodkin Arrow
MonoLink
6:13 Loom
9:13 Feudal Age
19:31 Wheelbarrow
21:52 Castle Age
19:54 Horse Collar
20:58 Fletching
21:55 Bloodlines
22:56 Bodkin Arrow
23:23 Husbandry
23:00 Light Cavalry
24:35 Padded Archer Armor
28:16 Ballistics
Connection lost

Rejoining the realm…

Still unreachable

The connection could not be restored.

Session expired

The server has moved on; the page needs a fresh start.